 Dungeon Crawl Stone Soup version 0.29.1-15-g9cfb28693d (webtiles) character file.

Game seed: 18319187747978663063

28 Labrat the Digger (level 3, -3/26 HPs)
             Began as a Meteoran Earth Elementalist on Aug 26, 2023.
             Slain by a gnoll bouda
             ... wielding a +0 whip
              (4 damage)
             ... on level 5 of the Dungeon.
             The game lasted 00:08:13 (886 turns).

Labrat the Digger (Meteoran Earth Elementalist)      Turns: 886, Time: 00:08:14

Health: -3/26      AC:  2    Str:  9    XL:     3   Next: 47%
Magic:  2/8        EV: 12    Int: 18    God:
Gold:   102        SH:  0    Dex: 15    Spells: 5/8 levels left

rFire   . . .      SeeInvis .   (no weapon)
rCold   . . .      Faith    .   (no shield)
rNeg    . . .      Spirit   .   a - +0 robe
rPois   .          Reflect  .   (no helmet)
rElec   .          Harm     .   (no cloak)
rCorr   .          Rampage  .   (no gloves)
Will    .....                   (no boots)
Stlth   +.........              (no amulet)
HPRegen 0.08/turn               (no ring)
MPRegen 0.11/turn               (no ring)

@: glowing
A: sense surroundings 1, otherworldly, glowing, explore regen
a: no special abilities


You were on level 5 of the Dungeon.
You visited 1 branch of the dungeon, and saw 5 of its levels.

You collected 102 gold pieces.

Inventory:

Armour
 a - a +0 robe (worn)
Scrolls
 g - 3 scrolls of immolation {unknown}
 i - a scroll of identify {unknown}
 k - 2 scrolls of enchant weapon {unknown}
Potions
 b - a potion of magic
 c - a potion of lignification {unknown}
 d - a potion of haste {unknown}
 e - a potion of ambrosia {unknown}
 f - a potion of heal wounds {unknown}
 h - a potion of brilliance {unknown}
 j - a potion of flight {unknown}
 l - a potion of curing {unknown}
 m - 2 potions of degeneration {unknown}
 n - a potion of attraction {unknown}


   Skills:
 - Level 2.4 Dodging
 - Level 1.4 Stealth
 + Level 3.3 Spellcasting
 + Level 2.2 Transmutations
 + Level 4.1 Earth Magic


You had 5 spell levels left.
You knew the following spells:

 Your Spells              Type           Power      Damage    Failure   Level
a - Sandblast             Erth           36%        2d10      2%          1
b - Passwall              Tmut/Erth      11%        N/A       6%          2

Your spell library contained the following spells:

 Spells                   Type           Power      Damage    Failure   Level
 Stone Arrow              Conj/Erth      20%        3d8       21%         3
 Petrify                  Tmut/Erth      14%        N/A       38%         4
 Call Canine Familiar     Summ           3%         N/A       43%         3
 Portal Projectile        Hex/Tloc       6%         N/A       43%         3
 Leda's Liquefaction      Hex/Erth       5%         N/A       54%         4


Dungeon Overview and Level Annotations

Branches:
Dungeon (5/15) Zot: 2093
 Temple: D:4-7

Altars:
Xom


Innate Abilities, Weirdness & Mutations

You passively map a small area around you.
You are easily found by Zot.
You glow in the dark.
You regain HP and MP as you explore.


Message History

Confirm with . or Enter, or press ? or * to list all spells.
Aiming: Sandblast (safe; 2% risk of failure)
Press: ? - help, Shift-Dir - straight line, f/p - gnoll
Aim: a gnoll, wielding a +0 spear (84% to hit)
The blast of sand misses the gnoll bouda.
The blast of sand hits the gnoll.
The gnoll is heavily wounded.
The gnoll bouda barks out a call to the hunt!
The gnolls pick up the pace!
The gnoll bouda closely misses you.
Casting: Sandblast (safe; 2% risk of failure)
Confirm with . or Enter, or press ? or * to list all spells.
Aiming: Sandblast (safe; 2% risk of failure)
Press: ? - help, Shift-Dir - straight line, f/p - gnoll
Aim: a gnoll, wielding a +0 spear (covering ground quickly, 84% to hit)
The blast of sand hits the gnoll bouda but does no damage.
The gnoll bouda is moderately wounded.
Your attacks no longer feel as feeble.
Unknown command.
Casting: Sandblast (safe; 2% risk of failure)
Confirm with . or Enter, or press ? or * to list all spells.
Aiming: Sandblast (safe; 2% risk of failure)
Press: ? - help, Shift-Dir - straight line, f/p - gnoll
Aim: a gnoll, wielding a +0 spear (covering ground quickly, 84% to hit)
The blast of sand hits the gnoll.
The gnoll is severely wounded.
The gnoll bouda hits you with a +0 whip!
The gnoll hits you with a +0 club!
* * * LOW HITPOINT WARNING * * *
The gnoll bouda hits you with a +0 whip.
* * * LOW HITPOINT WARNING * * *
Casting: Sandblast (safe; 2% risk of failure)
Confirm with . or Enter, or press ? or * to list all spells.
Aiming: Sandblast (safe; 2% risk of failure)
Press: ? - help, Shift-Dir - straight line, f/p - gnoll
Aim: a gnoll, wielding a +0 spear (covering ground quickly, 84% to hit)
The blast of sand hits the gnoll!
You kill the gnoll!
The gnoll bouda hits you with a +0 whip.
You die...

* .. , !..
># # #.# ...
* #. #.#*
... #[#*#.#
#.., ,
#.##.##.# ,,
* #.....# ,
*##@..## *
#gg...# ,
#g##.##.# *
*..#*#.#**..
#.., #.# .#
#. #.# # #
,...* , ,,
... , * * *
.##


You could see a gnoll bouda and 2 gnolls.

Vanquished Creatures
  A gnoll (D:5)
  A dart slug (D:2)
  2 endoplasms (D:2)
  2 goblins
  A hobgoblin (D:1)
  5 jackals
  A quokka (D:2)
  2 ball pythons (D:2)
  2 bats (D:2)
  A frilled lizard (D:1)
  3 kobolds
  4 rats
25 creatures vanquished.

Vanquished Creatures (others)
  A plant (D:2)
1 creature vanquished.

Grand Total: 26 creatures vanquished

Notes
Turn   | Place    | Note
-------+----------+-------------------------------------------
     0 | D:1      | Labrat the Meteoran Earth Elementalist began the quest for
                  | the Orb.
     0 | D:1      | Reached XP level 1. HP: 14/14 MP: 5/5
    65 | D:2      | Reached XP level 2. HP: 20/20 MP: 3/6
   108 | D:2      | Learned a level 2 spell: Passwall
   572 | D:3      | Found a shimmering altar of Xom.
   690 | D:1      | Reached skill level 4 in Earth Magic
   794 | D:1      | Reached XP level 3. HP: 26/26 MP: 4/8
   877 | D:4      | You fall into a shaft and drop 1 floor!
   877 | D:5      | Entered Level 5 of the Dungeon
   885 | D:5      | HP: 1/26 [gnoll bouda/+0 whip (6)]
   886 | D:5      | Slain by a gnoll bouda

Illustrated notes

Levels and vault maps discovered:
D:1:      lemuel_arrival_river_bridge, layout_loops_ring,
          hellmonk_ecumenical_altar_defaced_shrine, minmay_misc_feat_nine_boxes
D:2:      cheibrodos_old_hovel, layout_basic, grunt_ministairs_2
D:3:      layout_loops_ring, overflow_temple_1_default
D:4:      layout_rooms, minmay_temple_entry_antechambers, chequers_big_river
D:5:      layout_rooms, trog_three_pillars_becter,
          mainiacjoe_overflow_small_starburst, hex_intersection

Skill      XL: |  1  2 |
---------------+-------+-----
Spellcasting   | 3 |  3.3
Earth Magic    | 4 |  4.1
Transmutations | 2 |  2.2
Dodging        | |  2.4
Stealth        | |  1.4

Action                   || total
-------------------------++-------
Melee: Unarmed           ||     1
 Cast: Sandblast         ||    42
       Passwall          ||     3
Armor: Robe              ||     5
Dodge: Dodged            ||     7
